 Dungeon Crawl Stone Soup version 0.19-a0-892-g8a19e52 (webtiles) character file.

879 Moloch the Cleaver (level 7, 0/52 HPs)
             Began as a Demonspawn Fighter on July 4, 2016.
             Was an Initiate of Okawaru.
             Slain by an ogre
             ... wielding a +0 giant spiked club
              (18 damage)
             ... on level 4 of the Dungeon.
             The game lasted 00:05:28 (3886 turns).

Moloch the Cleaver (Demonspawn Fighter)             Turns: 3886, Time: 00:05:28

Health: 0/52       AC: 16    Str: 20    XL:     7   Next: 75%
Magic:  7/7        EV:  3    Int:  9    God:    Okawaru [......]
Gold:   178        SH:  9    Dex: 14    Spells: 0 memorised, 6 levels left

rFire  . . .     SeeInvis .     a - +0 war axe
rCold  . . .     Gourm    .     e - +1 plate armour
rNeg   . . .     Faith    .     c - +0 shield
rPois  .         Spirit   .     (helmet restricted)
rElec  .         Dismiss  .     (no cloak)
rCorr  .         Reflect  .     (no gloves)
SustAt .         Harm     .     (no boots)
MR     .....                    C - amulet of regeneration
Stlth  ..........               (no ring)
                                w - +3 ring of strength

@: not resistant to hostile enchantments, extremely unstealthy
A: antennae 2, iridescent scales 1, demonic guardian 1
a: Renounce Religion


You were on level 4 of the Dungeon.
You worshipped Okawaru.
Okawaru was noncommittal.
You were not hungry.

You visited 2 branches of the dungeon, and saw 5 of its levels.

You collected 178 gold pieces.

Inventory:

Hand Weapons
 a - a +0 war axe (weapon)
Missiles
 y - 3 javelins (quivered)
Armour
 c - a +0 shield (worn)
 e - a +1 plate armour (worn)
Jewellery
 b - an uncursed ring of ice
 w - a +3 ring of strength (left hand)
 C - an amulet of regeneration (around neck)
Wands
 t - a wand of polymorph (10/24)
Scrolls
 h - a scroll of teleportation
 i - 2 scrolls of remove curse
 j - a scroll of fog {unknown}
 k - a scroll of amnesia {unknown}
 l - a scroll of noise {unknown}
 p - 2 scrolls of enchant armour
 v - a scroll of immolation {unknown}
 x - a scroll of magic mapping {unknown}
Potions
 d - 2 potions of might
 g - a potion of flight
 m - a potion of curing {unknown}
 o - 3 potions of degeneration {unknown}
 q - a potion of agility
 s - a potion of heal wounds {unknown}
Comestibles
 f - 3 bread rations
 n - 2 meat rations
 r - a royal jelly
 z - 3 beef jerkies
 A - 2 slices of pizza
 B - 2 fruits


   Skills:
 - Level 3.0 Fighting
 + Level 8.3 Axes
 - Level 2.6 Armour
 - Level 2.6 Shields


You had 6 spell levels left.
You didn't know any spells.

Dungeon Overview and Level Annotations

Branches:
Dungeon (4/15)             Temple (1/1) D:4

Altars:
Ashenzari
Cheibriados
Dithmenos
Hepliaklqana
Kikubaaqudgha
Makhleb
Okawaru
Pakellas
Qazlal
Ru
Sif Muna
Trog
Vehumet
Xom
Yredelemnul
Zin
The Shining One


Innate Abilities, Weirdness & Mutations

You have a pair of antennae on your head.
You are partially covered in iridescent scales. (AC +4)
A weak demonic guardian rushes to your aid.


Message History

Found a wooden wand.
The ogre hits you but does no damage.
You hit the ogre.
The ogre is lightly wounded.
You slash the ogre!
The ogre is heavily wounded.
The ogre hits you with a giant spiked club.
You barely miss the ogre.
The ogre is heavily wounded.
You block the ogre's attack.
You hit the ogre.
The ogre is heavily wounded.
The ogre hits you with a giant spiked club!
You barely miss the ogre.
The ogre is heavily wounded.
The ogre hits you with a giant spiked club!!
You barely miss the ogre.
The ogre is heavily wounded.
The ogre hits you with a giant spiked club!!
You die...

#÷#### #.# #.# #.....# #.#
#.# #.....# #.# #.# #./...#
#.# #.# #.<...# #.# #.#
#.....# #.# #)# .....
####.#### ####.#### #.O#
#.......# #.......# #@#
#.##.##.#
#.##.##.######5####.##..#.#
#.##..).....##.......##.#.#
###.#####.###.##.####..##.#.#
.......##.#
#.#.............##
.##.......#
#.#..##..........####
#.........#
#.......#..##........
.#..♣♣♣...#
###..####..##......#. ...♣#
#♣.## ##........##.#.##.#.


You could see an ogre and a friendly iron imp.

Vanquished Creatures
  Purgy (D:3)
  2 eyes of draining (D:3)
  2 ogres (D:4)
  2 hounds (D:4)
  Jessica (D:2)
  A worker ant (D:4)
  14 adders
  5 gnolls (D:3)
  2 oozes
  An adder skeleton (D:4)
  3 worms
  2 giant geckos (D:1)
  6 orcs
  6 bats
  3 giant cockroaches
  2 goblins (D:1)
  9 hobgoblins
  2 jackals (D:3)
  A ball python (D:3)
  3 giant newts
  3 kobolds
  2 rats (D:1)
73 creatures vanquished.

Vanquished Creatures (collateral kills)
  An ice beast (D:4)
1 creature vanquished.

Vanquished Creatures (others)
  An orc wizard (D:3)
1 creature vanquished.

Grand Total: 75 creatures vanquished

Notes
Turn   | Place    | Note
-------+----------+-------------------------------------------
     0 | D:1      | Moloch the Demonspawn Fighter began the quest for the Orb.
     0 | D:1      | Reached XP level 1. HP: 18/18 MP: 1/1
   111 | D:1      | Reached skill level 2 in Axes
   155 | D:1      | Gained mutation: You are partially covered in iridescent scales. (AC +4) [demonic ancestry]
   155 | D:1      | Reached XP level 2. HP: 18/24 MP: 2/2
   411 | D:1      | Reached skill level 3 in Axes
   713 | D:2      | Reached XP level 3. HP: 22/29 MP: 3/3
   883 | D:2      | Noticed Jessica
   887 | D:2      | Killed Jessica
   887 | D:2      | Reached skill level 4 in Axes
   887 | D:2      | Reached XP level 4. HP: 35/35 MP: 4/4
  1796 | D:3      | Noticed Purgy
  1826 | D:3      | Killed Purgy
  1826 | D:3      | Reached skill level 5 in Axes
  1826 | D:3      | Gained mutation: You have a pair of small antennae on your head. [demonic ancestry]
  1826 | D:3      | Reached XP level 5. HP: 20/41 MP: 5/5
  2066 | D:3      | Found a deep blue altar of Sif Muna.
  2257 | D:3      | Gained mutation: You have a pair of antennae on your head. [demonic ancestry]
  2257 | D:3      | Reached XP level 6. HP: 36/47 MP: 6/6
  2295 | D:3      | Found a bloodstained altar of Trog.
  2311 | D:3      | Reached skill level 6 in Axes
  2768 | D:4      | Reached skill level 7 in Axes
  2768 | D:4      | Gained mutation: A weak demonic guardian rushes to your aid. [demonic ancestry]
  2768 | D:4      | Reached XP level 7. HP: 29/52 MP: 7/7
  3106 | D:4      | Reached skill level 8 in Axes
  3544 | D:4      | Found a staircase to the Ecumenical Temple.
  3633 | Temple   | Entered the Ecumenical Temple
  3734 | Temple   | Became a worshipper of Warmaster Okawaru
  3886 | D:4      | Slain by an ogre

Vault maps used:
D:1:      dpeg_arrival_ternary
D:2:      first_bread, minivault_27, uniq_jessica
D:3:      trog_eyes_of_draining, led_sif_book, uniq_purgy
D:4:      grunt_ministairs_11, minmay_stone_trees_small
Temple:   eino_temple_rhombus

Skill      XL: |  1  2  3  4  5  6  7 |
---------------+----------------------+-----
Axes           | 2 3 4 5 7 8 |  8.3
Fighting       | |  3.0
Armour         | |  2.6
Shields        | |  2.6

Action                   |  1- 3 |  4- 6 |  7- 9 || total
-------------------------+-------+-------+-------++-------
Melee: War axe           |    98 |   151 |    97 ||   346
  Use: Scroll            |       |       |     5 ||     5
  Eat: Chunk             |       |     6 |     4 ||    10
Armor: Plate armour      |   117 |   158 |    78 ||   353
       Scale mail        |     1 |       |       ||     1
Dodge: Dodged            |    28 |    37 |    12 ||    77
Block: Shield            |     2 |       |    30 ||    32
       Buckler           |    21 |    44 |     8 ||    73
